 Dungeon Crawl Stone Soup version 0.29.1-2-gbd0b4ee654 (webtiles) character file.

Game seed: 11940918721151437742

53 Hadkhar the Trooper (level 4, -3/36 HPs)
             Began as a Human Abyssal Knight on Nov 18, 2022.
             Was a Priest of Lugonu.
             Killed from afar by an orc wizard (7 damage)
             ... with a magic dart
             ... on level 3 of the Dungeon.
             The game lasted 00:09:42 (2278 turns).

Hadkhar the Trooper (Human Abyssal Knight)          Turns: 2278, Time: 00:09:44

Health: -3/36      AC: 15    Str: 15    XL:     4   Next: 10%
Magic:  5/5        EV:  4    Int: 11    God:    Lugonu [***...]
Gold:   163        SH:  5    Dex: 13    Spells: 3/3 levels left

rFire   . . .      SeeInvis .   a - +1 mace
rCold   . . .      Faith    .   (no shield)
rNeg    . . .      Spirit   .   l - +0 plate armour
rPois   .          Reflect  +   (no helmet)
rElec   .          Harm     .   m - +0 cloak {rCorr}
rCorr   +          Rampage  .   g - +0 pair of gloves
Will    .....                   n - +1 pair of boots
Stlth   ..........              k - amulet of reflection
HPRegen 0.12/turn               d - ring of resist corrosion
MPRegen 0.09/turn               (no ring)

@: no status effects
A: no striking features
a: Renounce Religion, Depart the Abyss, Bend Space, Banish


You were on level 3 of the Dungeon.
You worshipped Lugonu.
Lugonu was most pleased with you.
You visited 1 branch of the dungeon, and saw 3 of its levels.
You visited the Abyss 1 time.

You collected 163 gold pieces.

Inventory:

Hand Weapons
 a - a +1 mace (weapon)
Armour
 b - a +0 leather armour
 g - a +0 pair of gloves (worn)
 l - a +0 plate armour (worn)
 m - a +0 cloak of preservation (worn)
 n - a +1 pair of boots (worn)
Jewellery
 d - a ring of resist corrosion (left hand)
 k - an amulet of reflection (around neck)
Scrolls
 c - 2 scrolls of amnesia {unknown}
 h - a scroll of enchant weapon {unknown}
Potions
 e - a potion of heal wounds {unknown}
 f - 2 potions of lignification {unknown}
 i - 3 potions of magic {unknown}
 j - a potion of cancellation {unknown}


   Skills:
 * Level 3.6 Fighting
 + Level 2.5 Maces & Flails
 + Level 2.6 Armour
 - Level 1.0 Dodging
 + Level 2.6 Invocations


You had 3 spell levels left.
You didn't know any spells.
Your spell library contained the following spells:

 Spells                   Type           Power      Damage    Failure   Level
 Magic Dart               Conj           0%         1d3       100%        1
 Searing Ray              Conj           0%         2d4       100%        2
 Fulminant Prism          Conj/Hex       0%         3d6       100%        4
 Iskenderun's Mystic Bla  Conj/Tloc      0%         2d3       100%        4
 Passage of Golubria      Tloc           0%         N/A       100%        4
 Lee's Rapid Deconstruct  Erth           0%         3d5*      100%        5
 Silence                  Hex/Air        0%         N/A       100%        5
 Lehudib's Crystal Spear  Conj/Erth      0%         10d2      100%        8


Dungeon Overview and Level Annotations

Branches:
Dungeon (3/15)

Altars:

Shops:
D:1 [


Message History

You barely miss something. The orc hits you but does no damage.
You hear some strange, mumbled words.
A magic dart appears from out of thin air!
The magic dart hits you but does no damage.
The orc hits you with a +0 whip.
* * * LOW HITPOINT WARNING * * *
Something hits you but does no damage.
Activating: Bend Space (6% risk of failure)
Press: ? - help, Q - select action, (/) - cycle Dir - look around, f - activate Space bends violently around you!
You blink.
The orc blinks! x2
You miss something. Something hits you but does no damage.
You closely miss something. You closely miss the orc.
The orc barely misses you. Something hits you.
* * * LOW HITPOINT WARNING * * *
You sock the orc!
You kill the orc!
Lugonu accepts your kill. You block something's attack.
The orc hits you but does no damage. Something hits you but does no damage.
You closely miss the orc.
The orc is moderately wounded.
Something hits you.
* * * LOW HITPOINT WARNING * * *
The orc hits you but does no damage.
You hit the orc.
The orc is moderately wounded.
Something hits you but does no damage. The orc hits you but does no damage.
You hit the orc.
The orc is severely wounded.
Something hits you.
* * * LOW HITPOINT WARNING * * *
The orc hits you but does no damage.
You hit the orc.
The orc is almost dead.
Something hits you but does no damage. You block the orc's attack. x2
You hear some strange, mumbled words.
A magic dart appears from out of thin air!
The magic dart hits you!
You die...

.# .# ..# ..#
#..#
+.######...#
+.........#
######@..##
#.o{### ##.###
#..# #)## #.#
#####.#
###.>...#
#######...##.##


You could see an orc.

Vanquished Creatures
  An adder (D:2)
  2 worms (D:2)
  A dart slug (D:2)
  2 orcs (D:3)
  An endoplasm (D:2)
  2 giant cockroaches
  3 goblins
  3 hobgoblins
  4 kobolds
  A quokka (D:1)
  6 ball pythons (D:2)
  4 bats
  A frilled lizard (D:2)
  3 rats
34 creatures vanquished.

Notes
Turn   | Place    | Note
-------+----------+-------------------------------------------
     0 | Abyss:1  | Hadkhar the Human Abyssal Knight began the quest for the
                  | Orb.
     0 | Abyss:1  | Reached XP level 1. HP: 18/18 MP: 2/2
     1 | D:1      | Escaped the Abyss
   277 | D:1      | Found Jifyohue's Antique Armour Shop.
   371 | D:1      | Reached XP level 2. HP: 21/24 MP: 3/3
   671 | D:2      | Reached XP level 3. HP: 29/29 MP: 4/4
  1974 | D:2      | Reached *** piety under Lugonu
  2209 | D:3      | Reached XP level 4. HP: 35/35 MP: 5/5
  2278 | D:3      | Killed from afar by an orc wizard

Illustrated notes

Levels and vault maps discovered:
D:1:      minmay_arrival_radiant_lines, layout_rooms, serial_shops, shop
D:2:      layout_basic, grunt_decor_clamped, kennysheep_generic_room_2
D:3:      kennysheep_big_flooded_room, layout_basic,
          nicolae_wu_jian_wuxing_cycle, ashenzari_conservatory_becter,
          nicolae_overflow_squiral

Action                   |  1- 3 |  4- 6 || total
-------------------------+-------+-------++-------
Melee: Mace              |    85 |    18 ||   103
Invok: Bend Space        |       |     1 ||     1
Armor: Leather armour    |    11 |       ||    11
       Plate armour      |    40 |    24 ||    64
Dodge: Dodged            |    32 |     4 ||    36
Block: Other             |    10 |     3 ||    13
       Reflection        |     1 |       ||     1
